 Dungeon Crawl Stone Soup version 0.19-a0-860-g5c370dd (webtiles) character file.

330365 hypermopl the Grand Gadgeteer (level 21, -5/168 HPs)
             Began as a Merfolk Artificer on June 28, 2016.
             Was the Champion of Pakellas.
             Slain by an entropy weaver (14 damage)
             ... on level 4 of the Spider Nest on July 2, 2016.
             The game lasted 04:18:39 (67334 turns).

hypermopl the Grand Gadgeteer (Merfolk Artificer)  Turns: 67334, Time: 04:18:41

Health: -5/168     AC: -9    Str: 13    XL:     21   Next: 74%
Magic:  0/35       EV: 25    Int: 12    God:    Pakellas [******]
Gold:   2623       SH: 12    Dex: 20    Spells: 4 memorised, 12 levels left

rFire  + + .     SeeInvis +     a - +6 scimitar of Flaming Death {sticky flame, rPois rF++ rC- MR+}
rCold  + . .     Gourm    .     t - +2 robe {rC+}
rNeg   + . .     Faith    .     U - +1 shield {rPois}
rPois  +         Spirit   .     G - +2 helmet
rElec  .         Dismiss  .     r - +2 cloak
rCorr  .         Reflect  .     m - +1 pair of gloves
SustAt .         Harm     .     y - +0 pair of boots
MR     +++++     Clarity  +     j - amulet of the Four Winds {rN+ MR+++ Clar}
Stlth  ++++++++..               S - ring "Xuirarghi" {rC+ Slay+4, =R}
                                o - ring of see invisible

@: corroded, almost entirely resistant to hostile enchantments, extraordinarily
stealthy
A: change form in water, swift swim, weak 1
a: Quick Charge, Device Surge, Supercharge, Renounce Religion
}: 2/15 runes: decaying, abyssal


You were on level 4 of the Spider Nest.
You worshipped Pakellas.
Pakellas was exalted by your worship.
You were not hungry.

You visited 7 branches of the dungeon, and saw 37 of its levels.
You visited the Abyss 2 times.
You also visited: Labyrinth and Sewer.

You collected 4924 gold pieces.
You spent 2301 gold pieces at shops.

Inventory:

Hand Weapons
 a - the +6 scimitar of Flaming Death (weapon) {sticky flame, rPois rF++ rC- MR+}
   (You bought it in a shop on level 2 of the Orcish Mines)

   It has been specially enchanted to burn those struck by it, causing extra
   injury to most foes and up to half again as much damage against particularly
   susceptible opponents.
   Big, fiery blades are also staple armaments of hydra-hunters.
   It greatly protects you from fire.
   It makes you vulnerable to cold.
   It protects you from poison.
   It affects your resistance to hostile enchantments.
 b - a +2 dagger of electrocution
 c - a +3 rapier of electrocution
 L - a +1 demon blade of flaming
Missiles
 u - 22 javelins (quivered)
 B - 11 tomahawks of dispersal
 Q - 3 throwing nets
Armour
 m - a +1 pair of gloves (worn)
 r - a +2 cloak (worn)
 t - a +2 robe of cold resistance (worn)
 y - a +0 pair of boots (worn)
 G - a +2 helmet (worn)
 U - a +1 shield of poison resistance (worn)
Rods
 n - a +7 rod of shadows (17/17) {!a}
   (Pakellas gifted it to you on level 5 of the Lair of Beasts)
Jewellery
 j - the amulet of the Four Winds (around neck) {rN+ MR+++ Clar}
   (You took it off a deep elf elementalist on level 3 of the Elven Halls)

   [amulet of nothing]

   It protects you from negative energy.
   It affects your resistance to hostile enchantments.
   It protects you against confusion.
 o - a ring of see invisible (left hand)
 S - the ring "Xuirarghi" (right hand) {rC+ Slay+4, =R}
   (You found it on level 15 of the Dungeon)

   [ring of protection from cold]

   It affects your accuracy and damage with ranged weapons and melee attacks
   (+4).
   It protects you from cold.
 Y - the ring of Ginyon {rC++ rN+ MR- Int+4 Stlth+}
   (You took it off a deep elf mage on level 3 of the Elven Halls)

   [ring of stealth]

   It affects your intelligence (+4).
   It greatly protects you from cold.
   It protects you from negative energy.
   It affects your resistance to hostile enchantments.
   It makes you more stealthy.
Wands
 g - a wand of paralysis (12/24)
 h - a wand of confusion (30/48)
 p - a wand of heal wounds (9/9)
 w - a wand of iceblast (15/15)
 E - a wand of acid (10/15)
 J - a wand of enslavement (15/24)
 N - a wand of lightning (3/15)
 X - a wand of polymorph (12/24)
 Z - a wand of heal wounds (6/9)
Scrolls
 i - 5 scrolls of identify
 q - 2 scrolls of magic mapping
 s - 14 scrolls of remove curse
 C - 3 scrolls of teleportation
 D - 7 scrolls of fear
 H - 7 scrolls of fog
 K - a scroll of holy word
 V - 2 scrolls of vulnerability
 W - a scroll of blinking
Potions
 k - 16 potions of curing
 l - 7 potions of flight
 v - a potion of brilliance
 x - 13 potions of heal wounds
 z - 3 potions of might
 A - 4 potions of agility
 I - 6 potions of haste
 O - 18 potions of magic
 P - 3 potions of resistance
 R - 2 potions of cancellation
Miscellaneous
 d - a lamp of fire
 e - a fan of gales
 F - a phial of floods
 T - a phantom mirror
Comestibles
 f - 11 bread rations
 M - a meat ration


   Skills:
 + Level 15.3 Fighting
 - Level 10.0(13.2) Short Blades
 - Level 13.1(14.0) Long Blades
 - Level 7.3 Throwing
 + Level 4.9 Armour
 + Level 16.6 Dodging
 - Level 20.0 Stealth
 + Level 8.1 Shields
 + Level 20.3 Evocations


You had 12 spell levels left.
You knew the following spells:

 Your Spells              Type           Power        Failure   Level  Hunger
e - Blink                 Tloc           N/A          94%         2    ###....
i - Repel Missiles        Chrm/Air       #.....       94%         2    ###....
n - Swiftness             Chrm/Air       #.......     94%         2    ###....
p - Passwall              Tmut/Erth      #.........   94%         2    ###....


Dungeon Overview and Level Annotations

Branches:
Dungeon (15/15)            Temple (0/1) D:7            Lair (6/6) D:10
  Swamp (4/4) Lair:2       Spider (4/4) Lair:3        Slime (0/5) Lair:6
    Orc (2/2) D:9             Elf (3/3) Orc:2        Vaults (3/5) D:13
  Crypt (0/3) Vaults:2     Depths (0/5) D:15

Altars:
Ashenzari
Dithmenos
Elyvilon
Hepliaklqana
Kikubaaqudgha
Makhleb
Nemelex Xobeh
Pakellas
Qazlal
Trog
Vehumet
Xom
The Shining One
Beogh
Jiyva

Shops:
D:6 *   D:7 !   Orc:2 (!**   Elf:1 %   Vaults:1 *

Annotations:
D:14 para wand + rpois rn++leather
D:15 exclusion: orange crystal statue
Spider:2 immo, exclusion: downstairs
Elf:1 +3 rapier + immo
Elf:2 3 runed doors
Elf:3 fly ring
Vaults:2 IDH, exclusion: 2 tengu reavers, Sojobo


Innate Abilities, Weirdness & Mutations

You revert to your normal form in water.
You are very nimble and swift while swimming.
You are weak. (Str -2)


Message History

a war axe; a leather armour; a meliai corpse You see here a redback corpse.
The entropy weaver mumbles some strange words.
The entropic weave corrodes you!
The entropy weaver mumbles some strange words.
The entropic weave corrodes you!
You feel a buildup of energy.
Evoke which item? (* to show all) (? for menu, Esc to quit)
Zapping:
g - a wand of paralysis (13/24)
Press: ? - help, Shift-Dir - straight line, f/p - entropy weaver
Aim: an entropy weaver (chance to defeat MR: 56%)
You feel a huge surge of power!
The entropy weaver resists with significant effort.
This wand has 12 charges left.
The entropy weaver hits you.
* * * LOW HITPOINT WARNING * * *
The entropy weaver barely misses you. The entropy weaver hits you!
* * * LOW HITPOINT WARNING * * *
The entropy weaver hits you!
You die...
Pakellas says: Time to find a new assistant...

#.....#.....###.....#
#....#.....#......##
#....##....#....###
##...<.#...##...##.....
#......#.......##......
##.............#....$..
##..†........##.......
#...........#........
#....@.....##........
#.....a...##..†.<....
#.........#..........
#........)#..........
#.......††#).........
##.........).........
....^................
......................
......................


You could see an entropy weaver.

Vanquished Creatures
  Mara (Spider:3)
  Nikola (Spider:3)
  A hellephant (Abyss:3)
  2 tengu reavers
  2 tentacled starspawn (Abyss:2)
  Kirke (D:15)
  Wiglaf (Spider:2)
  Donald (Vaults:1)
  Maud (D:10)
  7 deep elf sorcerers
  5 vault wardens
  Aizul (Spider:3)
  4 deep elf elementalists (Elf:3)
  3 emperor scorpions
  3 draconian shifters (Abyss:3)
  2 stone giants (Vaults:3)
  9 ironheart preservers
  A war gargoyle (Vaults:2)
  3 entropy weavers (Spider:3)
  2 deep elf demonologists (Elf:3)
  A black draconian (Abyss:3)
  7 deep elf annihilators
  3 dire elephants (Abyss:3)
  3 fire dragons
  9 deep elf death magi
  An ettin (Vaults:2)
  A minotaur (Lab)
  A jiangshi (Vaults:2)
  6 deep elf high priests (Elf:3)
  Josephine (Orc:1)
  13 ogre magi
  Erolcha (D:10)
  A rakshasa (Vaults:1)
  10 yaktaur captains
  Fannar (D:10)
  9 hydras
  An ice dragon (Vaults:2)
  6 vault guards
  A ghost crab (shapeshifter) (D:15)
  5 centaur warriors
  2 ghost crabs
  14 alligators
  11 dancing weapons
  A deep troll shaman (Vaults:1)
  6 orc high priests
  4 thrashing horrors
  Sonja (D:10)
  17 deep elf knights
  A death drake (Swamp:4)
  A wretched star (Abyss:3)
  A fire crab (Vaults:3)
  4 shadow wraiths
  A flayed ghost (Vaults:3)
  An unseen horror (D:13)
  6 skeletal warriors
  10 hill giants
  7 swamp dragons
  15 deep elf archers
  5 deep trolls (Vaults:1)
  A shambling mangrove (Swamp:3)
  A giant orange brain (D:15)
  11 ironbrand convokers
  3 spectral hydras (Swamp:4)
  A spriggan druid (Swamp:4)
  3 necromancers
  The ghost of Aviak the Skirmisher, a novice DrVM of Vehumet (D:9)
  15 orc knights
  A phantasmal warrior (Swamp:4)
  2 wolf spiders (shapeshifter)
  An orb spider (shapeshifter) (Vaults:3)
  20 wolf spiders
  11 orb spiders
  10 ugly things
  59 deep elf magi
  7 hornets
  A frost giant zombie (Vaults:3)
  4 griffons
  2 manticores (D:15)
  7 cyclopes
  4 sixfirhies
  15 elephants
  7 black mambas
  A moth of wrath (shapeshifter) (Vaults:2)
  8 vault sentinels
  16 spiny frogs
  3 gargoyles
  2 torpor snails (Spider:2)
  2 smoke demons (Abyss:3)
  A rime drake (shapeshifter) (D:15)
  2 centaur skeletons
  2 rime drakes (Lair:6)
  A human zombie (Vaults:3)
  An efreet (D:13)
  A hellion (Abyss:3)
  2 kobold demonologists
  A freezing wraith (Vaults:1)
  4 komodo dragons
  16 yaktaurs
  4 demonic crawlers
  5 swamp worm zombies (Swamp:4)
  17 jumping spiders
  3 ancient zymes
  11 trolls
  A silent spectre (Abyss:3)
  11 meliai
  The ghost of benbatman the Covert, a novice SpAs of Hepliaklqana (D:6)
  3 polar bears (Lair:6)
  19 two-headed ogres
  4 hydra zombies (Swamp:4)
  47 slime creatures
  A spectral swamp dragon (Swamp:4)
  A hornet zombie (D:13)
  7 giant leeches
  6 blink frogs
  7 boulder beetles
  2 blink frogs (shapeshifter)
  6 bog bodies
  A stone giant simulacrum (Vaults:3)
  A flying skull (Vaults:2)
  63 redbacks
  3 air elementals
  16 tarantellas
  5 ynoxinuls (Abyss:3)
  19 spriggans
  2 large abominations
  5 wraiths
  A hog (shapeshifter) (Vaults:3)
  3 fire elementals
  4 hogs (D:15)
  5 water elementals
  4 shadows
  A hippogriff (shapeshifter) (Vaults:2)
  2 hungry ghosts
  2 basilisks
  2 fire bats (Abyss:2)
  A chaos spawn (Abyss:3)
  12 hippogriffs
  50 yaks
  7 wargs
  54 vampire mosquitoes
  2 small abominations
  A swamp worm (shapeshifter) (Vaults:3)
  7 mottled dragons
  Menkaure (D:5)
  19 swamp worms
  A hydra simulacrum (Abyss:2)
  9 insubstantial wisps
  13 water moccasins
  A soldier ant (D:13)
  52 orc warriors
  4 porcupines
  3 swamp drakes
  4 ice beasts
  7 black bears
  4 sky beasts
  15 wasps
  3 boggarts
  A necrophage (D:10)
  4 phantoms
  A snapping turtle zombie (Abyss:2)
  3 swamp dragon zombies (Swamp:4)
  17 wolves
  55 ogres
  20 centaurs
  14 crocodiles
  2 big kobolds
  A wyvern zombie (D:10)
  An earth elemental (Elf:1)
  2 human skeletons (Vaults:1)
  16 giant frogs
  2 wyvern skeletons
  3 scorpions
  26 killer bees
  2 elf simulacra
  5 wights
  2 electric eels (D:15)
  5 howler monkeys
  8 crimson imps
  3 centaur zombies
  4 giant frog zombies
  A gnoll shaman (D:4)
  3 jellies
  31 orc wizards
  30 orc priests
  2 giant frog skeletons
  10 hounds
  16 iguanas
  Jessica (D:2)
  12 worker ants
  12 sheep
  A hound zombie (D:5)
  Robin (D:1)
  2 howler monkey zombies
  2 worker ant zombies
  5 gnolls (D:4)
  34 river rats
  2 swamp drake zombies (Swamp:4)
  16 adders
  A shadow imp (D:6)
  A white imp (Abyss:3)
  2 ufetubi
  2 oozes
  An adder skeleton (D:4)
  2 worms
  A dart slug (D:4)
  9 giant geckos
  114 orcs
  12 bats
  9 giant cockroaches
  19 goblins
  11 hobgoblins
  11 jackals
  2 quokkas
  2 ball pythons
  A giant gecko skeleton (D:6)
  8 giant newts
  30 kobolds
  A quokka skeleton (D:5)
  10 rats
  4 crawling corpses
  A starspawn tentacle (Abyss:2)
1687 creatures vanquished.

Vanquished Creatures (collateral kills)
  Xtahua (Vaults:3)
  A bone dragon (Swamp:4)
  Jorgrun (Swamp:3)
  2 liches
  A deep elf blademaster (Elf:3)
  Frances (Swamp:1)
  2 thorn hunters
  A deep elf elementalist (Elf:3)
  An ironheart preserver (Vaults:3)
  A deep elf demonologist (Elf:1)
  A deep elf annihilator (Elf:3)
  An eidolon (Vaults:2)
  3 vault guards
  A ghost crab (Swamp:4)
  A catoblepas (D:13)
  4 dancing weapons
  2 orc high priests (Orc:2)
  A deep elf knight (Elf:3)
  2 deep elf archers
  4 spriggan druids
  2 shambling mangroves
  An orc knight (Vaults:1)
  2 deep elf magi
  7 orc sorcerers (Orc:2)
  A queen bee (Lair:5)
  A two-headed ogre (Vaults:3)
  A spectral swamp dragon (Swamp:4)
  A slime creature (Swamp:3)
  2 bog bodies (Swamp:4)
  5 spriggans
  An air elemental (Elf:1)
  A fire elemental (Elf:2)
  A vampire mosquito (Swamp:2)
  A warg (Orc:2)
  A swamp worm (Swamp:3)
  6 orc warriors
  A black bear (Lair:6)
  4 wasps
  An ogre (Vaults:3)
  7 wolves (Lair:6)
  A killer bee (Lair:5)
  4 orc priests (Orc:2)
  A spectral swamp drake (Swamp:4)
  An orc wizard (Vaults:1)
  3 orcs (Orc:2)
  2 briar patches (Swamp:2)
  A crawling corpse (Elf:3)
92 creatures vanquished.

Vanquished Creatures (others)
  A deep elf master archer (Elf:3)
  A stone giant (Vaults:2)
  3 ugly things (Vaults:2)
  A meliai (Lair:5)
  A yaktaur (Vaults:2)
  A jumping spider (Spider:3)
  A spriggan (Swamp:4)
  An ogre (Vaults:2)
  An orc priest (Orc:2)
  14 fungi
  3 plants
  7 starspawn tentacles (Abyss:2)
  37 starspawn tentacle segments (Abyss:2)
72 creatures vanquished.

Grand Total: 1851 creatures vanquished

Notes
Turn   | Place    | Note
-------+----------+-------------------------------------------
     0 | D:1      | hypermopl the Merfolk Artificer began the quest for the Orb.
     0 | D:1      | Reached XP level 1. HP: 15/15 MP: 3/3
   233 | D:1      | Reached XP level 2. HP: 19/21 MP: 4/4
   787 | D:1      | Reached XP level 3. HP: 19/26 MP: 5/5
  1487 | D:2      | Reached skill level 2 in Short Blades
  1498 | D:2      | Reached skill level 4 in Evocations
  1569 | D:2      | Found a shattered altar of Ashenzari.
  1637 | D:2      | Noticed Robin
  1807 | D:1      | Reached skill level 2 in Stealth
  1933 | D:1      | Killed Robin
  1933 | D:1      | Reached XP level 4. HP: 23/32 MP: 7/7
  2412 | D:2      | Noticed Jessica
  2413 | D:2      | Found a radiant altar of Vehumet.
  2445 | D:2      | Killed Jessica
  2445 | D:2      | Reached XP level 5. HP: 37/37 MP: 8/8
  2546 | D:3      | Found a glowing golden altar of the Shining One.
  2904 | D:3      | Found a glowing drain.
  2911 | D:3      | Reached skill level 3 in Short Blades
  2916 | Sewer    | Entered a sewer
  3322 | D:3      | Reached skill level 3 in Stealth
  3621 | D:3      | Found a sparkling altar of Nemelex Xobeh.
  3757 | D:3      | Found a hazy altar of Hepliaklqana.
  3758 | D:3      | Found a shimmering altar of Xom.
  3759 | D:3      | Noticed a spectral ugly thing
  4238 | D:4      | Reached skill level 5 in Evocations
  4253 | D:4      | Reached XP level 6. HP: 43/43 MP: 9/9
  4432 | D:4      | Noticed a phantom
  4494 | D:4      | Reached skill level 4 in Stealth
  4735 | D:4      | Reached skill level 4 in Short Blades
  4735 | D:4      | Reached XP level 7. HP: 26/48 MP: 11/11
  5119 | D:4      | Reached skill level 6 in Evocations
  5905 | D:5      | Entered Level 5 of the Dungeon
  5997 | D:5      | Reached skill level 5 in Stealth
  6041 | D:5      | Reached skill level 5 in Short Blades
  6153 | D:5      | Reached XP level 8. HP: 46/54 MP: 13/13
  6179 | D:5      | Reached skill level 7 in Evocations
  6341 | D:5      | Noticed Menkaure
  6782 | D:6      | Found Teitum's General Store.
  6785 | D:6      | Bought a scroll of identify for 28 gold pieces
  6785 | D:6      | Bought a scroll of magic mapping for 49 gold pieces
  6785 | D:6      | Bought a potion of agility for 56 gold pieces
  6785 | D:6      | Bought a potion of curing for 42 gold pieces
  6785 | D:6      | Bought a scroll of immolation for 49 gold pieces
  6785 | D:6      | Bought a scroll of enchant armour for 105 gold pieces
  6797 | D:6      | Noticed benbatman's ghost (novice SpAs)
  6828 | D:6      | Reached skill level 6 in Stealth
  6951 | D:5      | Killed Menkaure
  6992 | D:6      | Reached skill level 6 in Short Blades
  6992 | D:6      | Reached skill level 8 in Evocations
  7027 | D:5      | Found a glowing golden altar of the Shining One.
  7261 | D:6      | Killed benbatman's ghost
  7261 | D:6      | Reached XP level 9. HP: 59/59 MP: 15/15
  7357 | D:6      | Found a bloodstained altar of Trog.
  7367 | D:6      | Reached skill level 7 in Stealth
  7414 | D:6      | Found an oddly glowing altar of Pakellas.
  7417 | D:6      | Became a worshipper of Pakellas the Inventive
  7887 | D:7      | Found an ancient bone altar of Kikubaaqudgha.
  7913 | D:7      | Reached skill level 9 in Evocations
  7972 | D:7      | Found Apuc's Distillery.
  7989 | D:7      | Bought a potion of heal wounds for 60 gold pieces
  7989 | D:7      | Bought a potion of brilliance for 48 gold pieces
  8003 | D:7      | Reached skill level 7 in Short Blades
  8428 | D:7      | Found a staircase to the Ecumenical Temple.
  8470 | D:7      | Reached * piety under Pakellas
  8470 | D:7      | Received a gift from Pakellas
  8603 | D:7      | Found a burning altar of Makhleb.
  8604 | D:7      | Found a stormy altar of Qazlal.
  8690 | D:8      | Reached skill level 8 in Stealth
  9253 | D:8      | Reached skill level 8 in Short Blades
  9341 | D:8      | Reached skill level 10 in Evocations
  9409 | D:8      | Reached skill level 3 in Dodging
  9417 | D:8      | Reached XP level 10. HP: 31/66 MP: 9/17
  9753 | D:8      | Reached skill level 2 in Fighting
  9889 | D:8      | Reached skill level 4 in Dodging
 10071 | D:9      | Found a staircase to the Orcish Mines.
 10375 | D:9      | Noticed Aviak's ghost (novice DrVM)
 10380 | D:9      | Killed Aviak's ghost
 10380 | D:9      | Reached skill level 3 in Fighting
 10428 | D:7      | Bought 2 potions of ambrosia for 192 gold pieces
 10562 | D:10     | Entered Level 10 of the Dungeon
 10621 | D:10     | Noticed Fannar
 10624 | D:10     | Noticed Maud
 10679 | D:10     | Noticed Erolcha
 11080 | D:9      | Reached skill level 5 in Dodging
 11154 | D:9      | Reached skill level 9 in Short Blades
 11654 | D:10     | Noticed Sonja
 11663 | D:10     | Killed Sonja
 11663 | D:10     | Reached skill level 4 in Fighting
 11663 | D:10     | Reached skill level 9 in Stealth
 11663 | D:10     | Reached skill level 11 in Evocations
 11785 | D:10     | Found a staircase to the Lair.
 11810 | Lair:1   | Entered Level 1 of the Lair of Beasts
 12217 | D:10     | Reached XP level 11. HP: 58/77 MP: 19/19
 12319 | D:10     | Reached skill level 6 in Dodging
 12819 | Lair:1   | Reached ** piety under Pakellas
 12819 | Lair:1   | Received a gift from Pakellas
 13331 | Lair:2   | Identified a scroll of acquirement
 13733 | Lair:2   | Reached skill level 5 in Fighting
 13833 | Lair:2   | Reached skill level 10 in Stealth
 13951 | Lair:2   | Found a staircase to the Swamp.
 13952 | Lair:2   | Noticed a swamp dragon
 13995 | Lair:2   | Killed a swamp dragon
 14011 | Lair:2   | Reached skill level 10 in Short Blades
 14011 | Lair:2   | Reached skill level 12 in Evocations
 14207 | Lair:2   | You fall through a shaft for 2 floors!
 14651 | Lair:2   | Reached skill level 1 in Long Blades
 14651 | Lair:2   | Reached skill level 7 in Dodging
 15007 | Lair:2   | Reached XP level 12. HP: 71/87 MP: 12/21
 15113 | Lair:2   | Reached skill level 6 in Fighting
 15356 | Lair:3   | Reached skill level 11 in Stealth
 15358 | Lair:3   | Reached skill level 2 in Long Blades
 15444 | Lair:3   | Found a white marble altar of Elyvilon.
 15521 | Lair:3   | Reached *** piety under Pakellas
 15521 | Lair:3   | Received a gift from Pakellas
 15601 | Lair:3   | Noticed a five-headed hydra
 16361 | Lair:4   | Reached skill level 1 in Throwing
 16661 | Lair:4   | Reached skill level 3 in Long Blades
 16695 | Lair:4   | Reached skill level 8 in Dodging
 17404 | D:11     | Identified the Disquisition on the Vitriolic Birds (You found it on level 11 of the Dungeon)
 17499 | D:11     | Reached **** piety under Pakellas
 17499 | D:11     | Received a gift from Pakellas
 18106 | D:10     | Killed Erolcha
 18106 | D:10     | Reached skill level 2 in Throwing
 18128 | D:10     | Killed Fannar
 18289 | D:10     | Reached skill level 4 in Long Blades
 18336 | D:10     | Killed Maud
 18336 | D:10     | Reached skill level 7 in Fighting
 18336 | D:10     | Reached skill level 12 in Stealth
 18464 | D:6      | Bought 3 scrolls of torment for 315 gold pieces
 18789 | Lair:3   | Reached skill level 13 in Evocations
 18987 | Lair:3   | Found a hole to the Spider Nest.
 19065 | Lair:3   | Noticed an eight-headed hydra
 19072 | Lair:3   | Killed an eight-headed hydra
 19072 | Lair:3   | Reached skill level 3 in Throwing
 19072 | Lair:3   | Reached XP level 13. HP: 96/96 MP: 14/22
 19157 | Lair:3   | Got a pair of smoking gloves
 19168 | Lair:3   | Identified the +0 pair of gloves of the Butterfly {-Tele rElec rF+ Slay+3} (You acquired it on level 3 of the Lair of Beasts)
 19226 | Lair:4   | Reached skill level 9 in Dodging
 20537 | Lair:5   | Reached skill level 5 in Long Blades
 21099 | Lair:5   | Reached ***** piety under Pakellas
 21099 | Lair:5   | Received a gift from Pakellas
 21786 | Lair:5   | Reached skill level 4 in Throwing
 21902 | Lair:6   | Entered Level 6 of the Lair of Beasts
 21915 | Lair:6   | Reached skill level 13 in Stealth
 21974 | Lair:6   | Found a staircase to the Slime Pits.
 21974 | Lair:6   | Found a viscous altar of Jiyva.
 21991 | Lair:6   | Reached skill level 8 in Fighting
 22708 | Lair:6   | Identified a +4 rod of shadows (14/14) {!a} (Pakellas gifted it to you on level 5 of the Lair of Beasts)
 23175 | Lair:6   | Reached skill level 14 in Evocations
 23185 | Lair:6   | Reached skill level 6 in Long Blades
 23623 | Lair:5   | Reached XP level 14. HP: 64/106 MP: 13/24
 23919 | Lair:5   | Reached skill level 10 in Dodging
 24721 | Lair:6   | Reached skill level 1 in Shields
 24757 | Lair:6   | Got a translucent long sword
 24758 | Lair:6   | Identified the +7 long sword of Xubocw {pain, Dex+2} (You found it on level 6 of the Lair of Beasts)
 24968 | Lair:6   | Reached skill level 5 in Throwing
 25737 | Orc:1    | Entered Level 1 of the Orcish Mines
 26184 | Orc:2    | Entered Level 2 of the Orcish Mines
 26753 | Orc:1    | Noticed Josephine
 26755 | Orc:1    | Killed Josephine
 26755 | Orc:1    | Reached skill level 14 in Stealth
 26755 | Orc:1    | Reached skill level 2 in Shields
 27468 | Orc:2    | Found a staircase to the Elven Halls.
 28020 | Orc:2    | Found a roughly hewn altar of Beogh.
 28699 | Orc:2    | Paralysed by an orc sorcerer for 4 turns
 29441 | Orc:2    | Reached skill level 7 in Long Blades
 29605 | Orc:2    | Reached skill level 9 in Fighting
 30540 | Orc:2    | Reached skill level 3 in Shields
 31235 | Orc:2    | Found Ovvufaom's Weapon Shop.
 31236 | Orc:2    | Found Xaumaefa's Distillery.
 31252 | Orc:2    | Reached skill level 11 in Dodging
 31265 | Orc:2    | Found Oruemmif's General Store.
 31266 | Orc:2    | Found Umaust's Assorted Antiques.
 31538 | Orc:2    | Bought a scroll of identify for 32 gold pieces
 32181 | Orc:2    | Bought the +6 scimitar of Flaming Death {sticky flame, rPois rF++ rC- MR+} for 1096 gold pieces
 32472 | D:12     | Learned a level 2 spell: Repel Missiles
 32475 | D:12     | Learned a level 2 spell: Blink
 32510 | D:12     | Reached ****** piety under Pakellas
 32514 | D:12     | Reached XP level 15. HP: 113/113 MP: 26/26
 32975 | D:12     | Reached skill level 15 in Stealth
 32994 | D:12     | Learned a level 2 spell: Swiftness
 33216 | D:13     | Reached skill level 15 in Evocations
 33557 | D:13     | Found a gate to the Vaults.
 33580 | D:13     | Reached skill level 4 in Shields
 35275 | D:14     | Found a shadowy altar of Dithmenos.
 35516 | D:14     | Found a labyrinth entrance.
 35533 | Lab      | Entered a labyrinth
 35905 | Lab      | Got a dazzling leather armour
 35916 | Lab      | Identified the cursed +0 leather armour of Ydekkor {rN+ Str+9 Dex-3} (You took it off a minotaur in a labyrinth)
 35930 | Lab      | Got a faintly glowing leather armour
 35936 | Lab      | Identified the +2 leather armour of Zyol {rPois rN++} (You found it in a labyrinth)
 35944 | Lab      | Got a fine scale mail
 35950 | Lab      | Identified the +1 scale mail "Deiwyur" {Str+4 Dex+3} (You found it in a labyrinth)
 36446 | D:14     | Reached skill level 8 in Long Blades
 36772 | Swamp:1  | Entered Level 1 of the Swamp
 37208 | Swamp:1  | Noticed Frances
 37211 | Swamp:1  | Noticed a thorn hunter
 37631 | Swamp:2  | Reached skill level 10 in Fighting
 37638 | Swamp:2  | Noticed a thorn hunter
 38606 | Swamp:1  | Killed Frances
 38606 | Swamp:1  | Reached skill level 12 in Dodging
 38606 | Swamp:1  | Reached skill level 16 in Stealth
 38724 | Swamp:2  | Reached skill level 5 in Shields
 39055 | Swamp:2  | Killed a thorn hunter
 39115 | Swamp:2  | Reached XP level 16. HP: 101/122 MP: 5/27
 40032 | Swamp:3  | Noticed Jorgrun
 40046 | Swamp:3  | Killed Jorgrun
 41150 | Swamp:2  | Reached skill level 16 in Evocations
 41348 | Swamp:3  | Reached skill level 9 in Long Blades
 42011 | Swamp:3  | Identified the Compendium of Frigorific Good Luck (You found it on level 3 of the Swamp)
 42640 | Swamp:4  | Entered Level 4 of the Swamp
 44250 | Swamp:4  | Reached skill level 17 in Stealth
 44355 | Swamp:4  | Noticed a thorn hunter
 44363 | Swamp:4  | Killed a thorn hunter
 44865 | Swamp:4  | Noticed a bone dragon
 44904 | Swamp:4  | Killed a bone dragon
 44904 | Swamp:4  | Reached skill level 11 in Fighting
 44904 | Swamp:4  | Reached skill level 13 in Dodging
 45410 | Swamp:4  | Got a decaying rune of Zot
 45970 | D:12     | Reached XP level 17. HP: 131/131 MP: 12/29
 46416 | D:15     | Entered Level 15 of the Dungeon
 46892 | D:15     | Got an ancient jade ring
 46894 | D:15     | Identified the ring "Xuirarghi" {rC+ Slay+4} (You found it on level 15 of the Dungeon)
 47060 | D:15     | Noticed Kirke
 47121 | D:15     | Killed Kirke
 47121 | D:15     | Reached skill level 10 in Long Blades
 47641 | D:15     | Found a staircase to the Depths.
 48106 | Elf:1    | Entered Level 1 of the Elven Halls
 48209 | Elf:1    | Found Oclyess's Food Emporium.
 48416 | Elf:1    | Reached skill level 17 in Evocations
 48507 | Elf:1    | Cast into level 2 of the Abyss (a deep elf sorcerer)
 48508 | Abyss:2  | Found a corrupted altar of Lugonu.
 48592 | Abyss:2  | Noticed a tentacled starspawn
 48612 | Abyss:2  | Reached skill level 18 in Stealth
 48622 | Abyss:2  | Killed a tentacled starspawn
 48625 | Abyss:2  | Noticed a tentacled starspawn
 48668 | Abyss:2  | Noticed a tentacled starspawn
 48686 | Abyss:2  | Killed a tentacled starspawn
 48773 | Abyss:2  | Noticed a lich
 48786 | Abyss:2  | Gained mutation: You are weak. (Str -2) [a cacodemon]
 48922 | Elf:1    | Escaped the Abyss
 50175 | Elf:1    | Reached skill level 14 in Dodging
 51077 | Elf:2    | Reached XP level 18. HP: 111/139 MP: 5/30
 51348 | Elf:2    | Cast into level 3 of the Abyss (a deep elf sorcerer)
 51925 | Abyss:3  | Noticed a hellephant
 51938 | Abyss:3  | Reached skill level 11 in Long Blades
 51951 | Abyss:3  | Killed a hellephant
 51993 | Abyss:3  | Found a corrupted altar of Lugonu.
 51993 | Abyss:3  | Noticed a hellephant
 52045 | Abyss:3  | Got an abyssal rune of Zot
 52062 | Elf:2    | Escaped the Abyss
 52065 | Elf:2    | Reached skill level 12 in Fighting
 52794 | Elf:2    | Found a runed gate.
 52794 | Elf:2    | Found a runed gate.
 52796 | Elf:2    | Found a runed gate.
 52938 | Elf:3    | Entered Level 3 of the Elven Halls
 53055 | Elf:3    | Reached skill level 6 in Throwing
 53075 | Elf:3    | Reached skill level 19 in Stealth
 53665 | Spider:1 | Entered Level 1 of the Spider Nest
 54585 | Spider:2 | Noticed Wiglaf
 54895 | Spider:2 | Reached skill level 18 in Evocations
 55209 | Spider:3 | Noticed Nikola
 55209 | Spider:3 | Noticed Aizul
 55561 | Vaults:1 | Entered Level 1 of the Vaults
 55905 | Vaults:1 | Reached XP level 19. HP: 147/147 MP: 32/32
 56116 | Vaults:1 | Reached skill level 15 in Dodging
 56206 | Vaults:1 | Noticed Donald
 56230 | Vaults:1 | Upgraded the game from 0.19-a0-811-gf4045fb to 0.19-a0-821-gf489216
 56282 | Vaults:1 | Killed Donald
 56492 | Vaults:1 | Got a heavily runed shield {Donald}
 56496 | Vaults:1 | Identified the +1 shield "Pistru Qaam" {rElec Regen+ Str-4 Int+4} (You took it off Donald on level 1 of the Vaults)
 56681 | Vaults:1 | Reached skill level 7 in Throwing
 56913 | Vaults:1 | Reached skill level 12 in Long Blades
 57347 | Vaults:1 | Found Olig Xof's Assorted Antiques.
 57406 | Vaults:1 | Bought a potion of curing for 81 gold pieces
 57406 | Vaults:1 | Bought a scroll of identify for 54 gold pieces
 57406 | Vaults:1 | Bought a scroll of fear for 94 gold pieces
 57511 | Vaults:1 | Reached skill level 20 in Stealth
 57871 | Vaults:1 | Reached skill level 13 in Fighting
 58248 | Vaults:2 | Noticed Sojobo
 58452 | Vaults:2 | Found a staircase to the Crypt.
 58776 | Vaults:2 | Noticed a lich
 58806 | Vaults:2 | Killed a lich
 59300 | Vaults:2 | Reached skill level 19 in Evocations
 59309 | Vaults:2 | Reached XP level 20. HP: 135/157 MP: 33/33
 59658 | Vaults:2 | Reached skill level 13 in Long Blades
 60003 | Vaults:2 | Reached skill level 14 in Fighting
 60182 | Vaults:2 | Reached skill level 1 in Armour
 61288 | Vaults:3 | Identified the +1 ring mail "Qaupp" {+Fly rF- rN+ Int+3} (You found it on level 3 of the Vaults)
 61343 | Vaults:3 | Learned a level 2 spell: Passwall
 61444 | Vaults:3 | Reached skill level 2 in Armour
 61530 | Vaults:3 | Noticed Xtahua
 61548 | Vaults:3 | Killed Xtahua
 62055 | Vaults:3 | Reached skill level 6 in Shields
 63275 | Elf:3    | Reached skill level 3 in Armour
 63407 | Elf:3    | Reached skill level 20 in Evocations
 63476 | Elf:3    | Reached XP level 21. HP: 154/166 MP: 13/35
 64112 | Elf:3    | Reached skill level 7 in Shields
 64238 | Elf:3    | Reached skill level 4 in Armour
 64238 | Elf:3    | Reached skill level 16 in Dodging
 64240 | Elf:3    | Got a vibrating bone ring
 64241 | Elf:3    | Identified the ring "Vejiolargh" {SustAt +Blink Str+7 Dex-5} (You took it off a deep elf death mage on level 3 of the Elven Halls)
 64429 | Elf:3    | Got a twitching amethyst amulet
 64430 | Elf:3    | Identified the amulet of Caff {Reflect rPois Str+4 Int-4 Dex-5 SH+4} (You took it off a deep elf sorcerer on level 3 of the Elven Halls)
 64442 | Elf:3    | Got a clouded marble ring
 64447 | Elf:3    | Identified the ring of Ginyon {rC++ rN+ MR- Int+4 Stlth+} (You took it off a deep elf mage on level 3 of the Elven Halls)
 64455 | Elf:3    | Got a fine quick blade {freeze}
 64456 | Elf:3    | Identified the +5 quick blade of Touhueng {freeze, +Rage rF+ Stlth+} (You took it off a deep elf mage on level 3 of the Elven Halls)
 64549 | Elf:3    | Got a coiled golden ring
 64550 | Elf:3    | Identified the cursed ring of Reimbursement {rElec AC-6 Slay+3} (You took it off a deep elf demonologist on level 3 of the Elven Halls)
 64669 | Elf:3    | Identified the +6 rapier of Coutauh {pain, Str+4 Dex+3} (You found it on level 3 of the Elven Halls)
 64672 | Elf:3    | Got a smoking ivory ring
 64673 | Elf:3    | Identified the ring of Omauff {Ice Int+2} (You found it on level 3 of the Elven Halls)
 65359 | Spider:2 | Reached skill level 15 in Fighting
 65397 | Spider:2 | Killed Wiglaf
 65868 | Spider:3 | Upgraded the game from 0.19-a0-821-gf489216 to 0.19-a0-860-g5c370dd
 66463 | Spider:3 | Killed Nikola
 66557 | Spider:3 | Noticed Mara
 66571 | Spider:3 | Killed Mara
 66584 | Spider:3 | Killed Aizul
 66877 | Spider:3 | Reached skill level 8 in Shields
 67206 | Spider:4 | Entered Level 4 of the Spider Nest
 67334 | Spider:4 | Slain by an entropy weaver

Vault maps used:
D:1:      dpeg_arrival_shelter
D:2:      old_standard_altar, lemuel_coloured_pillars_altar, uniq_jessica,
          uniq_robin
D:3:      marbit_many_paths, regret_index_temple_of_mockery,
          portal_sewer_entry_d, serial_bayou, serial_bayou_pond_c,
          serial_bayou_lake_a, serial_bayou_lagoon_a, serial_bayou_ford_a,
          serial_bayou_lagoon_b, serial_bayou_pond_b, nemelex_spade_bored_becter
D:4:      serial_glass, glass_columns_a, glass_columns_c, glass_columns_b,
          glass_columns_c, glass_columns_c, glass_columns_a,
          kennysheep_generic_room_2
D:5:      lemuel_upstairs_altar, first_bread, kennysheep_opposing_triangles,
          uniq_menkaure
D:6:      lemuel_doored_altar, serial_shops, nicolae_shop_behind_doors,
          st_stairs_7, grunt_ministairs_5, minmay_strange_pillars,
          trog_ov_bears_minmay
D:7:      nicolae_overflow_hidden_temple, gammafunk_temple_overflow_statue,
          serial_shops, nicolae_shop_trees
D:8:      serial_co_window_serial, co_window_paths_b, co_window_paths_a,
          co_window_corner_a, co_window_of_opportunity_a, co_window_paths_b,
          co_window_2corner, co_window_broadway_b, co_window_corner_cb,
          co_window_corner_b, co_window_broadway_b, co_window_paths_e,
          glass_columns_b, glass_columns_a, glass_columns_b, glass_columns_c
D:9:      orc_0_dummy
D:10:     lair_0_dummy, uniq_sonja, uniq_erolcha, uniq_maud, uniq_fannar
D:13:     lightli_vaults_fourway_checkpoint
D:14:     grunt_dithmenos_smoke, lab_entry_generic
D:15:     gammafunk_enter_depths_forms, corexii_leaking_fountain, minivault_16,
          uniq_kirke
Lair:1:   grunt_megastairs_2
Lair:2:   minmay_swamp_entry_reptiles, serial_bayou_pond_d,
          cheibrodos_lair_reptile_den
Lair:3:   nicolae_spider_entry_tight_spaces, basic_altar, guppyfry_lair_drakes
Lair:4:   grunt_megastairs_5
Lair:6:   minmay_lair_end_enchanted_forest, slime_altar_1,
          grunt_forest_large_clearing_hut, grunt_megastairs_4,
          serial_bayou_shore_b
Swamp:1:  evilmike_swamp_ruin_house_5, swamp_pool1, infiniplex_staircase_pool,
          uniq_frances
Swamp:2:  hangedman_swamp_ruin_wall
Swamp:3:  evilmike_swamp_ruin_house_1, swamp_pool3, hangedman_swamp_blocks,
          infiniplex_staircase_pool_2, uniq_jorgrun
Swamp:4:  swamp_pestilence
Spider:1: hangedman_spider_tarantella_strand
Spider:2: uniq_wiglaf
Spider:3: uniq_nikola, uniq_aizul, uniq_mara
Spider:4: guppyfry_spider_rune
Orc:1:    uniq_josephine
Orc:2:    st_orc_pillars, minmay_orc_temple_c
Elf:1:    elf_arrival_001, serial_shops, shop, evilmike_minifort
Elf:2:    minivault_26, nicolae_twisting_strands
Elf:3:    minmay_elf_hall_quartered_circle
Vaults:1: st_cells, vaults_mumra_minichess_inversion,
          grunt_vaults_hallway_short, v_misc_26, nicolae_vaults_network_s,
          v_misc_28, hangedman_vaults_corner, vaults_room_grunt_arrival_ludios,
          serial_shops, shop, uniq_donald
Vaults:2: ontoclasm_vaults_ligature, nicolae_vaults_arrows,
          ontoclasm_vaults_ring_small, minmay_crypt_entry_simple_statues,
          nicolae_vaults_specimen_jars, nicolae_vaults_what_the_h, v_misc_4,
          v_pattern_1, v_misc_26, dpeg_vaults_monster_row,
          grunt_vaults_diagonal, nicolae_vaults_angled_halls,
          ontoclasm_vaults_gallery, grunt_vaults_focal, uniq_sojobo
Vaults:3: nicolae_vaults_alarming, nicolae_vaults_little_squares_5,
          serial_ice_m, nicolae_vaults_mini_display_case, nicolae_vaults_big_ls,
          hangedman_vaults_nodes, vaults_room_door_ring,
          nicolae_vaults_angled_halls, hangedman_vaults_corner_blocks, v_misc_2,
          vaults_room_door_ring, nicolae_vaults_shelves_hall,
          nicolae_vaults_gold_heap, uniq_xtahua
Abyss:2:  hangedman_abyss_or_decor_slice, abyss_greek_temple
Abyss:3:  minivault_25_ag
Lab:      labyrinth_spiral
Sewer:    kennysheep_pipe_town

Skill      XL: |  1  2  3  4  5  6  7  8  9 10 11 12 13 14 15 16 17 18 19 20 21 |
---------------+----------------------------------------------------------------+-----
Short Blades   | 2 3 4 5 6 8 9 10 | 10.0
Evocations     | 4 5 6 8 10 11 12 13 14 15 16 17 18 19 20 | 20.3
Stealth        | 2 3 4 5 6 8 9 10 12 13 14 16 17 18 19 20 | 20.0
Dodging        | 3 5 7 8 9 11 12 13 14 15 16 | 16.6
Fighting       | 4 5 7 8 9 10 11 12 13 14 15 | 15.3
Long Blades    | 1 4 6 7 8 9 10 11 12 13 | 13.1
Throwing       | 3 4 5 6 7 |  7.3
Shields        | 3 5 6 8 |  8.1
Armour         | 3 4 |  4.9

Action                   |  1- 3 |  4- 6 |  7- 9 | 10-12 | 13-15 | 16-18 | 19-21 || total
-------------------------+-------+-------+-------+-------+-------+-------+-------++-------
Melee: Short sword       |   185 |   246 |    92 |    13 |       |       |       ||   536
       Dagger            |       |    90 |   381 |  1013 |  1889 |   146 |    29 ||  3548
       Tailslap          |       |     2 |       |       |    10 |    30 |       ||    42
       Scimitar          |       |       |       |     3 |   510 |  1276 |  1718 ||  3507
 Fire: Hunting sling     |       |    11 |       |       |       |       |       ||    11
       Blowgun           |       |       |       |    28 |    15 |       |       ||    43
Throw: Javelin           |       |       |     8 |     3 |     7 |    11 |    16 ||    45
       Tomahawk          |       |       |       |       |       |       |     1 ||     1
       Throwing net      |       |       |       |       |       |       |     1 ||     1
Invok: Quick Charge      |       |       |     1 |    15 |    39 |    30 |    27 ||   112
       Device Surge      |       |       |       |     4 |     1 |       |     3 ||     8
 Abil: Evoke Berserk Rag |       |       |     3 |     1 |     8 |     1 |       ||    13
Evoke: Wand              |     4 |     4 |    21 |    68 |   136 |   105 |   132 ||   470
       Rod               |       |       |       |       |    40 |    53 |    31 ||   124
       Phial of floods   |       |       |       |       |     1 |     2 |     1 ||     4
       Lamp of fire      |       |       |       |       |     1 |       |     3 ||     4
       Fan of gales      |       |       |       |       |       |     1 |       ||     1
       Sack of spiders   |       |       |       |       |       |     1 |       ||     1
  Use: Scroll            |       |     2 |     5 |    10 |    22 |     7 |    14 ||    60
       Potion            |       |       |     2 |     1 |       |    11 |     1 ||    15
 Stab: Sleeping          |     2 |    10 |    14 |    26 |    42 |    66 |    24 ||   184
       Distracted        |       |       |     2 |     3 |    13 |    13 |    17 ||    48
       Paralysed         |       |       |     3 |    42 |    75 |    95 |    70 ||   285
       Invisible         |       |       |       |       |       |     7 |       ||     7
       Betrayed ally     |       |       |       |       |       |       |     1 ||     1
  Eat: Chunk             |     3 |     9 |    18 |    21 |    69 |    31 |    32 ||   183
       Beef jerky        |       |       |       |     2 |     1 |     2 |       ||     5
       Pizza             |       |       |       |     1 |       |       |     2 ||     3
       Bread ration      |       |       |       |     1 |     2 |     4 |     1 ||     8
       Royal jelly       |       |       |       |       |     1 |       |       ||     1
       Meat ration       |       |       |       |       |       |     3 |     1 ||     4
Armor: Leather armour    |    66 |     1 |       |       |       |       |       ||    67
       Animal skin       |       |   101 |    99 |   106 |       |       |       ||   306
       Robe              |       |       |       |    10 |   231 |   146 |   132 ||   519
Dodge: Dodged            |   105 |   207 |   210 |   420 |  1428 |  1070 |   794 ||  4234
Block: Other             |       |       |     6 |    35 |       |       |     1 ||    42
       Buckler           |       |       |       |       |   448 |   554 |    65 ||  1067
       Reflection        |       |       |       |       |       |    12 |    43 ||    55
       Shield            |       |       |       |       |       |       |   617 ||   617
